[Event "Queens Festival Europe 2022"]
[Site "Tornelo"]
[Date "2022.06.19"]
[Round "9.4"]
[White "Amrayeva, Aytan"]
[Black "Ibrahimova, Sabina"]
[Result "1-0"]
[ECO "A16"]
[WhiteElo "2143"]
[BlackElo "2146"]
[Annotator "NA RC"]
[PlyCount "61"]
[EventDate "2022.06.19"]
[EventType "swiss"]
[EventCountry "NET"]
[SourceTitle "playchess.com"]
[Source "ChessBase"]
[SourceQuality "1"]
[TimeControl "180+2"]

1. c4 Nf6 2. Nc3 g6 3. e4 d6 4. g3 Bg7 5. h3 O-O 6. Bg2 c6 7. Nge2 a6 8. a4 Nfd7 9. O-O e6 10. Kh2 d5 11. cxd5 cxd5 12. exd5 exd5 13. Nxd5 Nc6 14. d4 Nb6 15. Ndc3 Nxd4 16. Nxd4 Bxd4 17. Bh6 Re8 18. Ne4 Bf5 19. Nc3 Nc4 20. Nd5 Bxb2 21. Qb3 Bxa1 22. Rxa1 Ne5 23. f4 Nc6 24. Qc3 f6 25. Nxf6+ Kf7 26. Nxh7 Qd4 27. Qb3+ Be6 28. Qxb7+ Re7 29. Ng5+ Kf6 30. Qxa8 Qxa1 31. Qxc6 1-0

[Event "Queens Festival Europe 2022"]
[Site "Tornelo"]
[Date "2022.06.19"]
[Round "9.4"]
[White "Bordin, Silvia"]
[Black "Sava, Ana-Maria"]
[Result "0-1"]
[ECO "B90"]
[WhiteElo "1991"]
[BlackElo "1916"]
[Annotator "NA RC"]
[PlyCount "50"]
[EventDate "2022.06.19"]
[EventType "swiss"]
[EventCountry "NET"]
[SourceTitle "playchess.com"]
[Source "ChessBase"]
[SourceQuality "1"]
[TimeControl "180+2"]

1. e4 c5 2. Nf3 d6 3. d4 cxd4 4. Nxd4 Nf6 5. Nc3 a6 6. h4 Nc6 7. h5 h6 8. Bc4 Bg4 9. Be2 Bxe2 10. Ndxe2 e6 11. Be3 Ne5 12. f3 Be7 13. Bd4 Nc6 14. Be3 Qc7 15. Nc1 Rd8 16. Nd3 d5 17. exd5 Nxd5 18. Nxd5 Rxd5 19. Qe2 Qa5+ 20. Bd2 Qc7 21. O-O-O Nd4 22. Bf4 Nxe2+ 23. Kb1 Nxf4 24. Nxf4 Rxd1+ 25. Rxd1 Qxf4 0-1

[Event "Queens Festival Europe 2022"]
[Site "Tornelo"]
[Date "2022.06.19"]
[Round "9.4"]
[White "Thornton, Filipina"]
[Black "Subramanian, Anusha"]
[Result "1-0"]
[ECO "D15"]
[WhiteElo "1660"]
[BlackElo "1671"]
[Annotator "NA RC"]
[PlyCount "63"]
[EventDate "2022.06.19"]
[EventType "swiss"]
[EventCountry "NET"]
[SourceTitle "playchess.com"]
[Source "ChessBase"]
[SourceQuality "1"]
[TimeControl "180+2"]

1. d4 d5 2. c4 c6 3. Nf3 Nf6 4. Nc3 dxc4 5. e4 b5 6. e5 Nd5 7. a4 Nxc3 8. bxc3 e6 9. Bg5 Be7 10. Bxe7 Qxe7 11. Qb1 a6 12. Be2 Bb7 13. O-O O-O 14. Nd2 Nd7 15. Ne4 Nb6 16. Nd6 Nd5 17. Rc1 Rfb8 18. a5 Qg5 19. Bf3 Qe7 20. Qe4 Qc7 21. Qg4 Ne7 22. Qf4 Ng6 23. Qg3 Qe7 24. Re1 Nh4 25. Bh5 Nf5 26. Bxf7+ Kh8 27. Nxf5 exf5 28. e6 g6 29. Qh3 Kg7 30. Re5 Ra7 31. Rae1 Bc8 32. Qf3 1-0

[Event "Queens Festival Europe 2022"]
[Site "Tornelo"]
[Date "2022.06.19"]
[Round "9.4"]
[White "Ismayilova, Khanim"]
[Black "Aydogan, Arya"]
[Result "0-1"]
[ECO "D27"]
[WhiteElo "1647"]
[BlackElo "1409"]
[Annotator "NA RC"]
[PlyCount "116"]
[EventDate "2022.06.19"]
[EventType "swiss"]
[EventCountry "NET"]
[SourceTitle "playchess.com"]
[Source "ChessBase"]
[SourceQuality "1"]
[TimeControl "180+2"]

1. c4 e6 2. Nc3 d5 3. e3 Nf6 4. d4 a6 5. Nf3 dxc4 6. Bxc4 b5 7. Be2 c5 8. O-O Be7 9. b3 Bb7 10. Bb2 O-O 11. Rc1 Nbd7 12. Qd2 Qb6 13. Rfd1 Rfd8 14. h3 Rac8 15. Rc2 Nf8 16. Qc1 h6 17. dxc5 Rxc5 18. Rxd8 Qxd8 19. Rd2 Qb6 20. Qd1 Rc8 21. Nd4 Rd8 22. Bf3 Bxf3 23. Nxf3 Rxd2 24. Qxd2 Qd8 25. Qc2 Nd5 26. Ne4 Nb4 27. Qc3 f6 28. a3 Nd5 29. Qc6 Qb6 30. Qe8 Qd8 31. Qc6 Qb6 32. Qa8 Nc7 33. Qc8 e5 34. Nh4 Nce6 35. Nf5 Bd8 36. Ned6 a5 37. Nb7 Qc7 38. Qa8 Kh7 39. Nbd6 Be7 40. Qa6 Bxd6 41. Nxd6 Qc2 42. Qxb5 Qxb2 43. Qxa5 Qxb3 44. Qa7 Qd1+ 45. Kh2 Qxd6 46. Qb7 e4+ 47. Kh1 Nc5 48. Qa7 Nfd7 49. a4 Qa6 50. Qc7 Qxa4 51. Qf4 Qd1+ 52. Kh2 Qd5 53. Qg3 Qe5 54. f4 exf3 55. gxf3 Qxg3+ 56. Kxg3 g5 57. e4 Ne5 58. f4 Nxe4+ 0-1

[Event "Queens Festival Europe 2022"]
[Site "Tornelo"]
[Date "2022.06.19"]
[Round "9.5"]
[White "Ayzenberg, Alena"]
[Black "Richtrova, Eliska"]
[Result "1-0"]
[ECO "E94"]
[WhiteElo "2016"]
[BlackElo "2204"]
[Annotator "TA"]
[PlyCount "111"]
[EventDate "2022.06.19"]
[EventType "swiss"]
[EventCountry "NET"]
[SourceTitle "playchess.com"]
[Source "ChessBase"]
[SourceQuality "1"]
[TimeControl "180+2"]

1. d4 d6 2. Nf3 Nf6 3. c4 g6 4. Nc3 Bg7 5. e4 O-O 6. Be2 Nbd7 7. O-O e5 8. d5 Nh5 9. g3 {[%emt 0:00:10] [#]} Qe7 $146 {[%emt 0:00:13] E94: King's Indian: Classical: 6 Be2 e5 7 0-0: Various Black 7th moves.} ({Predecessor:} 9... Bf6 10. Bh6 Ng7 11. Qd2 Be7 12. Ne1 Nf6 13. f3 Bh3 14. Rf2 Kh8 15. Nd3 Ng8 16. Be3 f5 17. Bf1 {½-½ (17) Paramos Dominguez,R (2398)-Martinez Duany,L (2450) Famalicao 2015}) 10. Bd2 a5 11. Qc2 f5 (11... Nc5 $11) 12. Ng5 {[%emt 0:00:11] White is more active.} (12. exf5 $16 Rxf5 13. g4 Rxf3 14. Bxf3) 12... Nc5 $11 13. exf5 Bxf5 14. Nge4 Nf6 15. Nxf6+ (15. f3 $11) 15... Qxf6 $17 16. Qd1 Bh3 17. Be3 Bxf1 18. Bxf1 Qf5 19. Qe2 (19. Be2 $1 $15) 19... b6 20. Rd1 a4 21. Bg2 a3 (21... Qh5 $17 22. Qxh5 gxh5) 22. b3 (22. b4 $11 Na4 23. Ne4) 22... Rf7 (22... e4 $5 23. Nb5 Rf7 $15) 23. h4 (23. b4 $11 Na4 24. Ne4) 23... e4 $1 $15 24. Nb5 Nxb3 25. axb3 $11 {[%emt 0:00:15] [#] Hoping for Rd2.} a2 26. Bd4 (26. Nd4 $11 {and White is okay.} Qh5 27. Qxh5 gxh5 28. Ra1) 26... Bxd4 27. Nxd4 Qe5 28. Qb2 (28. Qe1) 28... e3 $19 29. f4 Qh5 (29... e2 $1 $19 {[%cal Re2d1] avoids the disaster.} 30. Qxe2 Qxe2 31. Nxe2 a1=Q 32. Rxa1 Rxa1+ 33. Kf2 Rb1) 30. Bf3 $18 Qh6 31. Kg2 ({White should try} 31. Bg4 $18) 31... Qf8 $2 (31... Qg7 $16) 32. Ne2 $2 ({But not} 32. Ne6 Qe7 33. Ra1 Qf6 34. Rxa2 Ra5 $18) (32. Bg4 $18 {is more deadly.}) 32... Qe7 $2 (32... Qg7 $16 {was necessary.} 33. Qxg7+ Kxg7) 33. Ra1 b5 34. Rxa2 Rxa2 35. Qxa2 bxc4 36. bxc4 Qf6 37. Qc2 Re7 38. Qd3 h5 $2 (38... Qb2 39. h5 Kg7) 39. Be4 Kg7 40. Qxe3 Qb2 41. Qd3 Qa2 42. Bf3 Qb2 43. Qd4+ Qxd4 44. Nxd4 {[%emt 0:00:01] [#] f5 is the strong threat.} Re3 (44... Kf6 $142 45. Kf2 Rh7) 45. Kf2 Rc3 46. Ne6+ Kf6 47. Nxc7 Rxc4 48. Nb5 Rb4 49. Nc3 Rb3 50. Ne4+ Ke7 51. Ng5 Rb2+ 52. Ke3 Rb3+ 53. Kf2 Rb2+ 54. Be2 {[%emt 0:00:01] White is clearly winning.} Ra2 55. Ke3 Ra3+ 56. Bd3 {[%emt 0:00:02] Weighted Error Value: White=0.79/Black=0.69} 1-0

[Event "Queens Festival Europe 2022"]
[Site "Tornelo"]
[Date "2022.06.19"]
[Round "9.5"]
[White "Can, Isil"]
[Black "Shuqja, Klean"]
[Result "1/2-1/2"]
[ECO "C77"]
[WhiteElo "1901"]
[BlackElo "1839"]
[Annotator "NA RC"]
[PlyCount "174"]
[EventDate "2022.06.19"]
[EventType "swiss"]
[EventCountry "NET"]
[SourceTitle "playchess.com"]
[Source "ChessBase"]
[SourceQuality "1"]
[TimeControl "180+2"]

1. e4 e5 2. Nf3 Nc6 3. Bc4 Be7 4. c3 Nf6 5. d3 O-O 6. O-O d6 7. Nbd2 Na5 8. Bb5 a6 9. Ba4 b5 10. Bc2 c5 11. d4 Qc7 12. h3 Bd7 13. b3 Rac8 14. d5 c4 15. b4 Nb7 16. Re1 Ra8 17. a3 a5 18. Bb2 axb4 19. axb4 Rxa1 20. Qxa1 Qb6 21. Nf1 Nh5 22. Bc1 f5 23. Be3 Qc7 24. Qa7 f4 25. Bb6 Qc8 26. Ra1 g5 27. Bd1 Nf6 28. Nxg5 h6 29. Ne6 Bxe6 30. dxe6 Nxe4 31. Bf3 d5 32. Bxe4 dxe4 33. Nd2 Qc6 34. Re1 Bd6 35. Nxe4 Bb8 36. Qa6 Bc7 37. Nc5 Nxc5 38. bxc5 Qxe6 39. Qa7 Bxb6 40. Qxb6 Qxb6 41. cxb6 Rb8 42. Rxe5 Rxb6 43. Rc5 Kf7 44. Rf5+ Ke6 45. Rxf4 Ke5 46. Rg4 b4 47. cxb4 Rxb4 48. Kf1 Rb1+ 49. Ke2 Rb2+ 50. Ke3 Kd5 51. Rh4 Rb3+ 52. Kd2 Rb2+ 53. Kc3 Rxf2 54. Rh5+ Ke6 55. Rxh6+ Kf5 56. g4+ Kg5 57. Rh5+ Kf4 58. Kxc4 Rh2 59. Kd5 Re2 60. Rf5+ Kg3 61. Rh5 Kf4 62. Kd6 Kg3 63. Rh6 Kf4 64. Rg6 Rh2 65. Rh6 Re2 66. Rg6 Rh2 67. Rf6+ Kg5 68. Rf3 Re2 69. Kd5 Re1 70. Rf5+ Kh4 71. Rh5+ Kg3 72. g5 Kf4 73. g6 Rg1 74. Rh6 Kf5 75. h4 Rxg6 76. Rh8 Kf6 77. Ke4 Kg7 78. Rh5 Rg4+ 79. Kf3 Rg6 80. Kf4 Rg1 81. Ra5 Rg2 82. h5 Rg1 83. Ra7+ Kh6 84. Ra5 Rg2 85. Kf3 Rg5 86. Rxg5 Kxg5 87. Kg3 Kxh5 1/2-1/2

[Event "Queens Festival Europe 2022"]
[Site "Tornelo"]
[Date "2022.06.19"]
[Round "9.5"]
[White "Omeri, Eklea"]
[Black "Bayona, Karin Silvana"]
[Result "1-0"]
[ECO "D93"]
[WhiteElo "1525"]
[BlackElo "1793"]
[Annotator "NA RC"]
[PlyCount "85"]
[EventDate "2022.06.19"]
[EventType "swiss"]
[EventCountry "NET"]
[SourceTitle "playchess.com"]
[Source "ChessBase"]
[SourceQuality "1"]
[TimeControl "180+2"]

1. d4 Nf6 2. c4 g6 3. Nc3 d5 4. Nf3 Bg7 5. Bf4 O-O 6. e3 c5 7. cxd5 Nxd5 8. Nxd5 Qxd5 9. Be2 cxd4 10. exd4 Nc6 11. Be3 Qa5+ 12. Qd2 Qxd2+ 13. Kxd2 Bf5 14. Rac1 Rfd8 15. Kc3 Rac8 16. Bc4 Na5 17. b3 b5 18. Kb4 Nc6+ 19. Kxb5 Nxd4+ 20. Bxd4 Rb8+ 21. Kc5 Rbc8+ 22. Kb5 Rb8+ 23. Ka4 Bxd4 24. Nxd4 Rxd4 25. Rhd1 Rbd8 26. Rxd4 Rxd4 27. Ka3 Rd2 28. Rf1 e5 29. h3 e4 30. g4 Bd7 31. f3 exf3 32. Rxf3 Bc6 33. Rxf7 Kh8 34. Rc7 Bg2 35. h4 Bh3 36. Be6 Rd4 37. Rc4 Rd6 38. Bc8 Rd8 39. Kb4 Rd6 40. g5 Rb6+ 41. Kc3 Rd6 42. Bxh3 a6 43. Bc8 1-0

[Event "Queens Festival Europe 2022"]
[Site "Tornelo"]
[Date "2022.06.19"]
[Round "9.5"]
[White "Strnadova, Monika"]
[Black "Ostafiev, Cristina"]
[Result "1-0"]
[ECO "C53"]
[WhiteElo "1518"]
[BlackElo "1173"]
[Annotator "NA RC"]
[PlyCount "45"]
[EventDate "2022.06.19"]
[EventType "swiss"]
[EventCountry "NET"]
[SourceTitle "playchess.com"]
[Source "ChessBase"]
[SourceQuality "1"]
[TimeControl "180+2"]

1. e4 e5 2. Nf3 Nc6 3. Bc4 Bc5 4. c3 d6 5. d4 exd4 6. cxd4 Bb4+ 7. Bd2 Bxd2+ 8. Nbxd2 Bg4 9. Qb3 Nh6 10. Qxb7 Rb8 11. Qxc6+ Bd7 12. Qd5 Be6 13. Bb5+ c6 14. Bxc6+ Bd7 15. Bxd7+ Qxd7 16. O-O Rxb2 17. Nc4 Rb8 18. Nxd6+ Kf8 19. Ne5 Qc7 20. Rac1 Qe7 21. Nc6 Qf6 22. Nxb8 Ng4 23. Nf5 1-0

[Event "Queens Festival Europe 2022"]
[Site "Tornelo"]
[Date "2022.06.19"]
[Round "9.6"]
[White "Machlik, Edit"]
[Black "Tsakona, Maria"]
[Result "0-1"]
[ECO "E32"]
[WhiteElo "2084"]
[BlackElo "2007"]
[Annotator "NA RC"]
[PlyCount "52"]
[EventDate "2022.06.19"]
[EventType "swiss"]
[EventCountry "NET"]
[SourceTitle "playchess.com"]
[Source "ChessBase"]
[SourceQuality "1"]
[TimeControl "180+2"]

1. d4 Nf6 2. c4 e6 3. Nc3 Bb4 4. Qc2 O-O 5. a3 Bxc3+ 6. Qxc3 d6 7. f3 Qe7 8. e4 e5 9. d5 a5 10. b3 Nbd7 11. Be3 b6 12. Bd3 Nc5 13. Ne2 Bd7 14. O-O Nh5 15. b4 Nxd3 16. Qxd3 f5 17. c5 f4 18. Bf2 b5 19. Nc3 Qg5 20. Nxb5 Bh3 21. Bg3 fxg3 22. gxh3 Nf4 23. Qc2 g2 24. Kf2 Nxh3+ 25. Ke2 gxf1=Q+ 26. Kxf1 Qg1+ 0-1

[Event "Queens Festival Europe 2022"]
[Site "Tornelo"]
[Date "2022.06.19"]
[Round "9.6"]
[White "Shabanaj, Eglantina"]
[Black "Cassi, Elisa"]
[Result "1-0"]
[ECO "E54"]
[WhiteElo "1986"]
[BlackElo "1999"]
[Annotator "NA RC"]
[PlyCount "113"]
[EventDate "2022.06.19"]
[EventType "swiss"]
[EventCountry "NET"]
[SourceTitle "playchess.com"]
[Source "ChessBase"]
[SourceQuality "1"]
[TimeControl "180+2"]

1. d4 d5 2. c4 e6 3. Nc3 Bb4 4. Nf3 Nf6 5. e3 O-O 6. Bd3 dxc4 7. Bxc4 c5 8. O-O cxd4 9. exd4 b6 10. Bg5 Nbd7 11. Rc1 Bxc3 12. bxc3 Bb7 13. Bd3 Rc8 14. Bb1 h6 15. Bh4 Qc7 16. Bg3 Qc6 17. Re1 Nd5 18. Qd3 g6 19. h4 h5 20. Be5 Nxe5 21. Nxe5 Nf4 22. Nxc6 Nxd3 23. Ne7+ Kg7 24. Bxd3 Rc7 25. d5 Rxe7 26. c4 Rfe8 27. d6 Rd7 28. c5 bxc5 29. Rxc5 Rxd6 30. Bb5 Red8 31. Rc7 Ba6 32. Ba4 Bd3 33. Rxa7 Bf5 34. Rc1 Rd2 35. Rcc7 Rf8 36. Bb3 Rb2 37. Re7 Kf6 38. Bc4 Be4 39. a4 Bd5 40. Bb5 e5 41. Red7 Be6 42. Ra6 Rb1+ 43. Kh2 Kf5 44. Bd3+ e4 45. Bxb1 Bxd7 46. Ra5+ Kf4 47. Ra7 Bc6 48. a5 e3 49. fxe3+ Kxe3 50. a6 Kf2 51. Rc7 Ba8 52. a7 Re8 53. Rxf7+ Ke3 54. Bxg6 Rg8 55. Rf6 Kd4 56. g3 Ke5 57. Rb6 1-0

[Event "Queens Festival Europe 2022"]
[Site "Tornelo"]
[Date "2022.06.19"]
[Round "9.7"]
[White "Kanyamarala, Trisha"]
[Black "Steffensen, Elena"]
[Result "1-0"]
[ECO "E91"]
[WhiteElo "2127"]
[BlackElo "2044"]
[Annotator "NA RC"]
[PlyCount "69"]
[EventDate "2022.06.19"]
[EventType "swiss"]
[EventCountry "NET"]
[SourceTitle "playchess.com"]
[Source "ChessBase"]
[SourceQuality "1"]
[TimeControl "180+2"]

1. d4 g6 2. c4 Bg7 3. Nc3 Nf6 4. e4 d6 5. Nf3 O-O 6. Be2 c6 7. O-O Bg4 8. Qc2 Nbd7 9. Rd1 Qc7 10. Be3 e5 11. h3 Bxf3 12. Bxf3 c5 13. dxc5 Nxc5 14. Nb5 Qa5 15. b4 Qxb4 16. Nxd6 Rad8 17. Rab1 Qa4 18. Qxa4 Nxa4 19. Nxb7 Rxd1+ 20. Rxd1 Nc3 21. Rc1 Ncxe4 22. c5 Rc8 23. c6 Bf8 24. Bxa7 Nd6 25. Rd1 e4 26. Nxd6 Rxc6 27. Nxe4 Ra6 28. Nxf6+ Rxf6 29. Bd4 Ra6 30. Rd2 h5 31. Bd1 Bh6 32. Be3 Bxe3 33. fxe3 Re6 34. Kf2 f5 35. Bb3 1-0

[Event "Queens Festival Europe 2022"]
[Site "Tornelo"]
[Date "2022.06.19"]
[Round "9.7"]
[White "Rahimli, Izzat"]
[Black "Stastna, Martina"]
[Result "0-1"]
[ECO "A80"]
[WhiteElo "1817"]
[BlackElo "1912"]
[Annotator "NA RC"]
[PlyCount "30"]
[EventDate "2022.06.19"]
[EventType "swiss"]
[EventCountry "NET"]
[SourceTitle "playchess.com"]
[Source "ChessBase"]
[SourceQuality "1"]
[TimeControl "180+2"]

1. d4 d5 2. Nf3 e6 3. e3 f5 4. Bd3 Nf6 5. O-O Bd6 6. b3 O-O 7. Bb2 Nbd7 8. Ne5 c6 9. Nd2 Bxe5 10. dxe5 Ng4 11. Nf3 Qc7 12. Ba3 c5 13. Ng5 Ndxe5 14. h3 Nxd3 15. Qxd3 Qh2# 0-1

[Event "Queens Festival Europe 2022"]
[Site "Tornelo"]
[Date "2022.06.19"]
[Round "9.7"]
[White "Posadas, Rayelynn"]
[Black "Frundina, Yelyzaveta"]
[Result "1-0"]
[ECO "D02"]
[WhiteElo "1648"]
[BlackElo "1624"]
[Annotator "NA RC"]
[PlyCount "49"]
[EventDate "2022.06.19"]
[EventType "swiss"]
[EventCountry "NET"]
[SourceTitle "playchess.com"]
[Source "ChessBase"]
[SourceQuality "1"]
[TimeControl "180+2"]

1. Nf3 Nf6 2. g3 d5 3. Bg2 c5 4. d4 e6 5. O-O Nbd7 6. c4 Be7 7. Nc3 cxd4 8. Nxd4 O-O 9. cxd5 e5 10. Nf5 Bb4 11. d6 Nb6 12. Ne7+ Kh8 13. Nxc8 Rxc8 14. Qb3 Bxd6 15. Rd1 Qc7 16. Nb5 Qc4 17. Nxd6 Qxb3 18. axb3 Rcd8 19. Nxf7+ Rxf7 20. Rxd8+ Ng8 21. Be3 h6 22. Bxb6 axb6 23. Bd5 Rd7 24. Rxd7 Nf6 25. Rd8+ 1-0

[Event "Queens Festival Europe 2022"]
[Site "Tornelo"]
[Date "2022.06.19"]
[Round "9.7"]
[White "Rahimli, Ulkar"]
[Black "Ismayilova, Salbinaz"]
[Result "1-0"]
[ECO "D05"]
[WhiteElo "1268"]
[BlackElo "1090"]
[Annotator "NA RC"]
[PlyCount "31"]
[EventDate "2022.06.19"]
[EventType "swiss"]
[EventCountry "NET"]
[SourceTitle "playchess.com"]
[Source "ChessBase"]
[SourceQuality "1"]
[TimeControl "180+2"]

1. d4 d5 2. Nf3 e6 3. e3 c5 4. b3 Nc6 5. Bb2 Nf6 6. a3 Be7 7. Bd3 O-O 8. O-O a6 9. Ne5 Nxe5 10. dxe5 Nd7 11. f4 f6 12. Qh5 g6 13. Bxg6 hxg6 14. Qxg6+ Kh8 15. Rf3 Qa5 16. Rh3# 1-0

[Event "Queens Festival Europe 2022"]
[Site "Tornelo"]
[Date "2022.06.19"]
[Round "9.8"]
[White "Maksimovic, Suzana"]
[Black "Smith, Olivia"]
[Result "1-0"]
[ECO "D20"]
[WhiteElo "2145"]
[BlackElo "2039"]
[Annotator "NA RC"]
[PlyCount "67"]
[EventDate "2022.06.19"]
[EventType "swiss"]
[EventCountry "NET"]
[SourceTitle "playchess.com"]
[Source "ChessBase"]
[SourceQuality "1"]
[TimeControl "180+2"]

1. d4 d5 2. c4 dxc4 3. e3 e5 4. Bxc4 exd4 5. exd4 Nf6 6. Nc3 Bd6 7. h3 O-O 8. Nge2 h6 9. O-O a6 10. a4 Nc6 11. Be3 Bf5 12. Rc1 Qe7 13. Qd2 Ne4 14. Nxe4 Bxe4 15. Nc3 Bg6 16. Rfe1 Qh4 17. Nd5 Rfe8 18. Bf4 Bxf4 19. Nxf4 Bf5 20. Re3 Rad8 21. Bd5 Rxe3 22. fxe3 Qf6 23. Bxc6 bxc6 24. Rc5 Be4 25. Nd3 Qg6 26. Ne5 Qg5 27. Nxf7 Qe7 28. Nxd8 Qxd8 29. Qf2 Qb8 30. Kh2 Qb3 31. Re5 Bd5 32. Re7 Kh7 33. Qg3 Qb4 34. Qxg7# 1-0

[Event "Queens Festival Europe 2022"]
[Site "Tornelo"]
[Date "2022.06.19"]
[Round "9.8"]
[White "Stewart-Bermann, Tanya"]
[Black "Roy, Ali"]
[Result "0-1"]
[ECO "D02"]
[WhiteElo "1863"]
[BlackElo "1893"]
[Annotator "NA RC"]
[PlyCount "58"]
[EventDate "2022.06.19"]
[EventType "swiss"]
[EventCountry "NET"]
[SourceTitle "playchess.com"]
[Source "ChessBase"]
[SourceQuality "1"]
[TimeControl "180+2"]

1. d4 d5 2. Bf4 Nf6 3. e3 e6 4. Nf3 Be7 5. Nbd2 O-O 6. Bd3 Nbd7 7. c3 c5 8. Ne5 Nxe5 9. dxe5 Nd7 10. Nf3 f6 11. Bg3 fxe5 12. Bxe5 Nxe5 13. Nxe5 Bd6 14. Qh5 g6 15. Nxg6 Rf7 16. Nh4 Qf6 17. Nf3 e5 18. O-O-O e4 19. Be2 exf3 20. gxf3 Bf5 21. Rhg1+ Kf8 22. Bd3 Bxd3 23. Rxd3 Qf5 24. Qh6+ Ke7 25. Rgd1 d4 26. exd4 cxd4 27. Rxd4 Bf4+ 28. R4d2 Bxh6 29. Re1+ Kf8 0-1

[Event "Queens Festival Europe 2022"]
[Site "Tornelo"]
[Date "2022.06.19"]
[Round "9.9"]
[White "Grimaldi, Angela Flavia"]
[Black "Arora, Tashika"]
[Result "1-0"]
[ECO "C55"]
[WhiteElo "1995"]
[BlackElo "1822"]
[Annotator "NA RC"]
[PlyCount "73"]
[EventDate "2022.06.19"]
[EventType "swiss"]
[EventCountry "NET"]
[SourceTitle "playchess.com"]
[Source "ChessBase"]
[SourceQuality "1"]
[TimeControl "180+2"]

1. e4 e5 2. Nf3 Nc6 3. Bc4 Nf6 4. d3 Be7 5. c3 O-O 6. Nbd2 b6 7. O-O Bb7 8. Bb3 d6 9. Nc4 b5 10. Ne3 a5 11. a4 b4 12. Re1 Rb8 13. Bc4 Na7 14. cxb4 axb4 15. Nf5 Nc6 16. a5 Ra8 17. a6 Bc8 18. Bg5 Bxf5 19. exf5 d5 20. Bb5 Na7 21. Ba4 e4 22. Nd4 c5 23. Nc2 Qc8 24. d4 Qxf5 25. Bxf6 Bxf6 26. dxc5 Bxb2 27. Rb1 Bc3 28. Re3 d4 29. Nxd4 Qxc5 30. Nb3 Qf5 31. Qe2 Nb5 32. Bxb5 Rfb8 33. Bc4 Re8 34. Rd1 Qf4 35. Nd4 Rad8 36. Nc2 Rxd1+ 37. Qxd1 1-0

[Event "Queens Festival Europe 2022"]
[Site "Tornelo"]
[Date "2022.06.19"]
[Round "9.9"]
[White "Jafarova, Aysel"]
[Black "Pyun, Lindsay"]
[Result "1-0"]
[ECO "D12"]
[WhiteElo "1481"]
[BlackElo "1526"]
[Annotator "NA RC"]
[PlyCount "61"]
[EventDate "2022.06.19"]
[EventType "swiss"]
[EventCountry "NET"]
[SourceTitle "playchess.com"]
[Source "ChessBase"]
[SourceQuality "1"]
[TimeControl "180+2"]

1. d4 d5 2. c4 c6 3. Nf3 Nf6 4. e3 Bf5 5. Nc3 e6 6. Qb3 Qc7 7. Be2 Be7 8. O-O O-O 9. cxd5 cxd5 10. Bd2 a6 11. Rac1 Qd7 12. Ne5 Qd6 13. Na4 b5 14. Nc5 Nbd7 15. Ncxd7 Nxd7 16. Rc6 Qb8 17. Nxd7 Qb7 18. Rfc1 Qxd7 19. Rc7 Qd6 20. a3 Rfe8 21. Bb4 Qd8 22. Bxe7 Rxe7 23. Rxe7 Qxe7 24. Qc3 h6 25. Qc6 Qa7 26. h3 Rb8 27. Qd6 Rb6 28. Rc8+ Kh7 29. Qf8 Rb7 30. Bh5 g6 31. Qh8# 1-0

[Event "Queens Festival Europe 2022"]
[Site "Tornelo"]
[Date "2022.06.19"]
[Round "9.10"]
[White "Caku, Kler"]
[Black "Kusova, Nikola"]
[Result "1-0"]
[ECO "C42"]
[WhiteElo "1542"]
[BlackElo "1250"]
[Annotator "NA RC"]
[PlyCount "113"]
[EventDate "2022.06.19"]
[EventType "swiss"]
[EventCountry "NET"]
[SourceTitle "playchess.com"]
[Source "ChessBase"]
[SourceQuality "1"]
[TimeControl "180+2"]

1. e4 e5 2. Nf3 Nf6 3. Nxe5 d6 4. Nf3 Nxe4 5. c3 Nf6 6. d4 d5 7. Be2 Be7 8. O-O O-O 9. Nbd2 Nc6 10. Nb3 Be6 11. Bf4 Bd6 12. Bxd6 Qxd6 13. Nc5 b6 14. Nxe6 Qxe6 15. Re1 Qd6 16. Bd3 Rfe8 17. Qc2 Rad8 18. a4 a5 19. Ng5 g6 20. Nf3 Re6 21. Rxe6 Qxe6 22. Re1 Qd7 23. Bb5 Re8 24. Ne5 Qd6 25. Qd2 Ne4 26. Qd1 Qf6 27. f3 Nxe5 28. dxe5 Rxe5 29. fxe4 dxe4 30. Qd4 e3 31. Rxe3 Rf5 32. Qxf6 Rxf6 33. Re7 c6 34. Bc4 Kg7 35. Re1 b5 36. axb5 cxb5 37. Bxb5 Rb6 38. c4 Rd6 39. Ra1 Rd2 40. b3 Rb2 41. Ra3 Rb1+ 42. Kf2 Rb2+ 43. Kg3 Rd2 44. c5 Rd4 45. Rxa5 Rd5 46. c6 Rc5 47. b4 Rc3+ 48. Kf2 Rc2+ 49. Be2 Rxc6 50. b5 Rb6 51. Ra6 Rxa6 52. bxa6 Kh6 53. a7 f5 54. a8=Q g5 55. Qf8+ Kg6 56. g4 fxg4 57. Bxg4 1-0

[Event "Queens Festival Europe 2022"]
[Site "Tornelo"]
[Date "2022.06.19"]
[Round "9.11"]
[White "McCormick, Polly"]
[Black "Andries, Leia"]
[Result "0-1"]
[ECO "B21"]
[WhiteElo "1222"]
[BlackElo "1438"]
[Annotator "NA RC"]
[PlyCount "80"]
[EventDate "2022.06.19"]
[EventType "swiss"]
[EventCountry "NET"]
[SourceTitle "playchess.com"]
[Source "ChessBase"]
[SourceQuality "1"]
[TimeControl "180+2"]

1. e4 c5 2. Be2 Nc6 3. d3 g6 4. f4 Bg7 5. Nf3 d6 6. O-O e6 7. c3 Nge7 8. Qe1 O-O 9. Qh4 d5 10. Ng5 h6 11. Nf3 dxe4 12. dxe4 f5 13. exf5 exf5 14. Bc4+ Kh7 15. Ng5+ Kh8 16. Nf7+ Rxf7 17. Bxf7 Qf8 18. Bb3 Bf6 19. Qh3 Kg7 20. Rf3 a5 21. g3 b5 22. Bc2 Bb7 23. Rd3 Bc8 24. Rd1 Qf7 25. Be3 c4 26. Bc5 Nd5 27. Nd2 Be7 28. Bxe7 Ncxe7 29. Nf3 Ne3 30. Rd2 Bb7 31. Ne5 Qe6 32. Re2 N7d5 33. Rae1 Rd8 34. g4 Bc8 35. gxf5 gxf5 36. Qg3+ Kh7 37. Rxe3 Nxe3 38. Rxe3 Rg8 39. Bxf5+ Qxf5 40. Qxg8+ Kxg8 0-1

[Event "Queens Festival Europe 2022"]
[Site "Tornelo"]
[Date "2022.06.19"]
[Round "9.13"]
[White "Tani, Selina"]
[Black "Bruntse, Caroline Lindegaard"]
[Result "1-0"]
[ECO "B72"]
[WhiteElo "1146"]
[BlackElo "1503"]
[Annotator "NA RC"]
[PlyCount "67"]
[EventDate "2022.06.19"]
[EventType "swiss"]
[EventCountry "NET"]
[SourceTitle "playchess.com"]
[Source "ChessBase"]
[SourceQuality "1"]
[TimeControl "180+2"]

1. e4 c5 2. Nf3 d6 3. d4 cxd4 4. Nxd4 Nf6 5. Nc3 g6 6. Bc4 Bg7 7. O-O O-O 8. f4 Nc6 9. Be3 Bg4 10. Qd2 Rc8 11. Nxc6 Rxc6 12. Bb5 Rc8 13. Qf2 a6 14. Bd3 b5 15. Nd5 Nxd5 16. exd5 Bxb2 17. Rab1 Bg7 18. Rfc1 Bd7 19. c4 Qa5 20. cxb5 Bxb5 21. Bxb5 axb5 22. Bb6 Qa6 23. Be3 Rxc1+ 24. Rxc1 Rc8 25. Rb1 Rb8 26. Qe2 Qb7 27. a4 b4 28. Rb3 Qxd5 29. Qc2 Bc3 30. Ba7 Ra8 31. Be3 Qc4 32. h3 Qd5 33. Kh2 Bd4 34. Rd3 1-0